NYP
WEST VIRGINIA BLACK BEARS @ MILWAUKEE (NYP) BREWERS
06/03/2044
 
TOP OF THE 1ST
West Virginia Black Bears batting - Pitching for Milwaukee (NYP) Brewers : RHP Tony Valdez
Pitching: RHP Tony Valdez
Batting: LHB Joe Hoover 0-0: Swinging Strike
0-1: Foul Ball, location: 2F
0-2: Foul Ball, location: 2F
0-2: Ball
1-2: Ground out 5-3 (Groundball, 56S, EV 73.8 MPH)
Batting: LHB Gregg Kellerman 0-0: Ball
1-0: Called Strike
1-1: Foul Ball, location: 2F
1-2: Ball
2-2: Ball
3-2: Foul Ball, location: 2F
3-2: Foul Ball, location: 2F
3-2: Ground out 4-3 (Groundball, 4, EV 81.9 MPH)
Batting: RHB Jose Almonte 0-0: Called Strike
0-1: Ball
1-1: Swinging Strike
1-2: Foul Ball, location: 2F
1-2: Ball
2-2: Foul Ball, location: 2F
2-2: Strikes out swinging
Top of the 1st over - 0 runs, 0 hits, 0 errors, 0 left on base; West Virginia 0 - Milwaukee (NYP) 0
BOTTOM OF THE 1ST
Milwaukee (NYP) Brewers batting - Pitching for West Virginia Black Bears : RHP Matt Decker
Pitching: RHP Matt Decker
Batting: RHB Brian Landrum 0-0: Foul Ball, location: 2F
0-1: Ground out 4-3 (Groundball, 34, EV 83.8 MPH)
Batting: RHB Bobby McCann 0-0: Ball
1-0: Ground out 6-3 (Groundball, 6, EV 81.9 MPH)
Batting: LHB Alfredo de la Cruz 0-0: Foul Ball, location: 2F
0-1: Ball
1-1: SINGLE (Flyball, 8LS, EV 93.8 MPH)
Batting: RHB Skyler Goss 0-0: Ball
1-0: Called Strike
Alfredo de la Cruz steals 2nd base
1-1: Ball
2-1: Swinging Strike
2-2: Strikes out looking
Bottom of the 1st over - 0 runs, 1 hit, 0 errors, 1 left on base; West Virginia 0 - Milwaukee (NYP) 0
TOP OF THE 2ND
West Virginia Black Bears batting - Pitching for Milwaukee (NYP) Brewers : RHP Tony Valdez
Batting: SHB Mike Corley 0-0: Ball
1-0: Called Strike
1-1: Ground out U3 (Groundball, 3L, EV 99.4 MPH)
Batting: LHB Brandon Sarni 0-0: Called Strike
0-1: Ball
1-1: Ball
2-1: Ball
3-1: Called Strike
3-2: Foul Ball, location: 2F
3-2: Ground out 4-3 (Groundball, 4S, EV 72.5 MPH)
Batting: RHB Chris Pozzi 0-0: Ball
1-0: Ball
2-0: Fly out, F7 (Flyball, 7D, EV 107.5 MPH)
Top of the 2nd over - 0 runs, 0 hits, 0 errors, 0 left on base; West Virginia 0 - Milwaukee (NYP) 0
BOTTOM OF THE 2ND
Milwaukee (NYP) Brewers batting - Pitching for West Virginia Black Bears : RHP Matt Decker
Batting: LHB Paul Collins 0-0: Called Strike
0-1: Foul Ball, location: 2F
0-2: Foul Ball, location: 2F
0-2: Strikes out swinging
Batting: SHB Robert Sayer 0-0: Called Strike
0-1: Ball
1-1: Ball
2-1: Foul Ball, location: 2F
2-2: Ground out 6-3 (Groundball, 6MD, EV 99.4 MPH)
Batting: RHB Dustin Hartman 0-0: DOUBLE (Line Drive, 9LS, EV 97.5 MPH)
Batting: RHB Brad Wren 0-0: Foul Ball, location: 2F
0-1: Ball
1-1: Fly out, F7 (Flyball, 7, EV 83.1 MPH)
Bottom of the 2nd over - 0 runs, 1 hit, 0 errors, 1 left on base; West Virginia 0 - Milwaukee (NYP) 0
TOP OF THE 3RD
West Virginia Black Bears batting - Pitching for Milwaukee (NYP) Brewers : RHP Tony Valdez
Batting: LHB Donald Imre 0-0: Foul Ball, location: 2F
0-1: Ball
1-1: Ball
2-1: Swinging Strike
2-2: Ball
3-2: Base on Balls
Batting: RHB Pleun Smit 0-0: Called Strike
0-1: Fly out, F8 (Flyball, 89M, EV 93.1 MPH)
Batting: RHB Richard Barrios 0-0: Called Strike
0-1: Ball
Donald Imre steals 2nd base
1-1: Ball
2-1: Swinging Strike
2-2: Ball
3-2: Ground out 4-3 (Groundball, 34, EV 87.5 MPH)
Donald Imre to third
Batting: LHB Joe Hoover 0-0: Swinging Strike
0-1: Foul Ball, location: 2F
0-2: Ball
1-2: Ball
2-2: Foul Ball, location: 2F
2-2: Foul Ball, location: 2F
2-2: DOUBLE (Flyball, 8LXD, EV 105.0 MPH)
Donald Imre scores
Batting: LHB Gregg Kellerman 0-0: Called Strike
0-1: Ball
1-1: Ball
2-1: Ground out 4-3 (Groundball, 4, EV 87.5 MPH)
Top of the 3rd over - 1 run, 1 hit, 0 errors, 1 left on base; West Virginia 1 - Milwaukee (NYP) 0
BOTTOM OF THE 3RD
Milwaukee (NYP) Brewers batting - Pitching for West Virginia Black Bears : RHP Matt Decker
Batting: RHB Tom Campos 0-0: Ball
1-0: Foul Ball, location: 2F
1-1: SINGLE (Groundball, 6, EV 96.2 MPH)
Batting: RHB Brian Landrum 0-0: Called Strike
0-1: Swinging Strike
0-2: Ball
1-2: Ball
2-2: Ball
3-2: Strikes out swinging
Batting: RHB Bobby McCann 0-0: SINGLE (Groundball, 56D, EV 100.6 MPH)
Tom Campos to second
Batting: LHB Alfredo de la Cruz 0-0: Foul Ball, location: 2F
0-1: Ball
1-1: Called Strike
1-2: Ball
2-2: Strikes out swinging
Batting: RHB Skyler Goss 0-0: Called Strike
0-1: Ball
1-1: Ball
2-1: Ball
3-1: Base on Balls
Tom Campos to third
Bobby McCann to second
Batting: LHB Paul Collins 0-0: Ball
1-0: Ball
2-0: Reached on error, E4 (Groundball, 34D, EV 104.4 MPH)
Tom Campos scores
Bobby McCann scores
Skyler Goss to third
Batting: SHB Robert Sayer 0-0: Ball
1-0: Ground out U3 (Groundball, 3L, EV 88.8 MPH)
Bottom of the 3rd over - 2 runs, 2 hits, 1 error, 2 left on base; West Virginia 1 - Milwaukee (NYP) 2
TOP OF THE 4TH
West Virginia Black Bears batting - Pitching for Milwaukee (NYP) Brewers : RHP Tony Valdez
Batting: RHB Jose Almonte 0-0: Hit by Pitch
Batting: SHB Mike Corley 0-0: Ball
1-0: Foul Ball, location: 2F
1-1: Swinging Strike
1-2: Strikes out swinging
Pitching: LHP John Miller
Pinch Hitting: RHB Aaron Kaskie 0-0: Grounds into double play, 5-4-3 (Groundball, 5S, EV 85.6 MPH)
Top of the 4th over - 0 runs, 0 hits, 0 errors, 0 left on base; West Virginia 1 - Milwaukee (NYP) 2
BOTTOM OF THE 4TH
Milwaukee (NYP) Brewers batting - Pitching for West Virginia Black Bears : RHP Matt Decker
Now at 2B: Pleun Smit
Now at 3B: Aaron Kaskie
Batting: RHB Dustin Hartman 0-0: Called Strike
0-1: Ball
1-1: Swinging Strike
1-2: Ground out 3-1 (Groundball, 34, EV 99.4 MPH)
Batting: RHB Brad Wren 0-0: Ball
1-0: Ball
2-0: Hit by Pitch
Batting: RHB Tom Campos 0-0: Ball
1-0: Ball
2-0: Fly out, F8 (Line Drive, 8RM, EV 93.1 MPH)
Batting: RHB Brian Landrum 0-0: Fielders Choice at 2nd, 5-4 (Groundball, 5, EV 103.8 MPH)
Bottom of the 4th over - 0 runs, 0 hits, 0 errors, 1 left on base; West Virginia 1 - Milwaukee (NYP) 2
TOP OF THE 5TH
West Virginia Black Bears batting - Pitching for Milwaukee (NYP) Brewers : LHP John Miller
Batting: RHB Chris Pozzi 0-0: Ball
1-0: Foul Ball, location: 2F
1-1: Ball
2-1: SINGLE (Groundball, 5S, EV 75.6 MPH) (infield hit)
Batting: LHB Donald Imre 0-0: Ball
1-0: Fielders Choice at 2nd, 1-6 (Groundball, 34S, EV 70.0 MPH)
Batting: RHB Pleun Smit 0-0: Fly out, F8 (Flyball, 89D, EV 91.2 MPH)
Batting: RHB Richard Barrios 0-0: Called Strike
0-1: Fly out, F7 (Flyball, 78D, EV 93.8 MPH)
Top of the 5th over - 0 runs, 1 hit, 0 errors, 1 left on base; West Virginia 1 - Milwaukee (NYP) 2
BOTTOM OF THE 5TH
Milwaukee (NYP) Brewers batting - Pitching for West Virginia Black Bears : RHP Matt Decker
Batting: RHB Bobby McCann 0-0: Called Strike
0-1: Ball
1-1: Foul Ball, location: 2F
1-2: Ground out 6-3 (Groundball, 6, EV 95.0 MPH)
Batting: LHB Alfredo de la Cruz 0-0: Foul Ball, location: 2F
0-1: Ball
1-1: Foul Ball, location: 2F
1-2: Strikes out swinging
Batting: RHB Skyler Goss 0-0: Ball
1-0: Called Strike
1-1: Foul Ball, location: 2F
1-2: Ball
2-2: Ground out 3-1 (Groundball, 34, EV 78.1 MPH)
Bottom of the 5th over - 0 runs, 0 hits, 0 errors, 0 left on base; West Virginia 1 - Milwaukee (NYP) 2
TOP OF THE 6TH
West Virginia Black Bears batting - Pitching for Milwaukee (NYP) Brewers : LHP John Miller
Batting: LHB Joe Hoover 0-0: Ball
1-0: Called Strike
1-1: Swinging Strike
1-2: Ball
2-2: Foul Ball, location: 2F
2-2: Foul Ball, location: 2F
2-2: Strikes out swinging
Batting: LHB Gregg Kellerman 0-0: Called Strike
0-1: Called Strike
0-2: Foul Ball, location: 2F
0-2: Foul Ball, location: 2F
0-2: Foul Ball, location: 2F
0-2: Ball
1-2: Hit by Pitch
Batting: RHB Jose Almonte 0-0: Called Strike
0-1: Ball
1-1: Ball
2-1: Fielders Choice at 2nd, 3-6 (Groundball, 3, EV 88.8 MPH)
Batting: SHB Mike Corley 0-0: Called Strike
0-1: Foul Ball, location: 2F
0-2: Ball
1-2: Foul Ball, location: 2F
1-2: Ground out 5-3 (Groundball, 56S, EV 88.8 MPH)
Top of the 6th over - 0 runs, 0 hits, 0 errors, 1 left on base; West Virginia 1 - Milwaukee (NYP) 2
BOTTOM OF THE 6TH
Milwaukee (NYP) Brewers batting - Pitching for West Virginia Black Bears : RHP Matt Decker
Batting: LHB Paul Collins 0-0: Called Strike
0-1: DOUBLE (Flyball, 3D, EV 89.4 MPH)
Batting: SHB Robert Sayer 0-0: Intentional Walk
Pinch Runner at 2nd Derek Halliwill:
Batting: RHB Dustin Hartman 0-0: Ball
1-0: DOUBLE (Groundball, 5L, EV 102.5 MPH)
Derek Halliwill scores
Robert Sayer to third
Batting: RHB Brad Wren 0-0: Intentional Walk
Batting: RHB Tom Campos 0-0: Ball
1-0: Called Strike
1-1: Ball
2-1: Called Strike
2-2: Grounds into double play, 3-2-3 (Groundball, 34S, EV 84.4 MPH)
Dustin Hartman to third
Brad Wren to second
Batting: RHB Brian Landrum 0-0: Ground out 3-1 (Groundball, 34, EV 104.4 MPH)
Bottom of the 6th over - 1 run, 2 hits, 0 errors, 2 left on base; West Virginia 1 - Milwaukee (NYP) 3
TOP OF THE 7TH
West Virginia Black Bears batting - Pitching for Milwaukee (NYP) Brewers : LHP John Miller
Pitching: LHP Paul Schumacher
Now at 1B: Adam Slade
Batting: RHB Aaron Kaskie 0-0: Called Strike
0-1: Ground out 5-3 (Groundball, 56S, EV 61.2 MPH)
Batting: RHB Chris Pozzi 0-0: Ball
1-0: Ball
2-0: Called Strike
2-1: Ball
3-1: Foul Ball, location: 2F
3-2: Strikes out swinging
Batting: RHB Chris Beckham 0-0: Foul Ball, location: 2F
0-1: Swinging Strike
0-2: Ball
1-2: Ball
2-2: Strikes out swinging
Top of the 7th over - 0 runs, 0 hits, 0 errors, 0 left on base; West Virginia 1 - Milwaukee (NYP) 3
BOTTOM OF THE 7TH
Milwaukee (NYP) Brewers batting - Pitching for West Virginia Black Bears : RHP Matt Decker
Batting: RHB Bobby McCann 0-0: Called Strike
0-1: Ball
1-1: Fly out, F6 (Popup, P, EV 88.8 MPH)
Pitching: LHP Latrell Tisdale
Batting: LHB Alfredo de la Cruz 0-0: SINGLE (Line Drive, 5D, EV 95.0 MPH)
Batting: RHB Skyler Goss 0-0: Called Strike
Alfredo de la Cruz is caught stealing 2nd base 2-4
0-1: Fly out, F7 (Flyball, 7LS, EV 85.6 MPH)
Bottom of the 7th over - 0 runs, 1 hit, 0 errors, 0 left on base; West Virginia 1 - Milwaukee (NYP) 3
TOP OF THE 8TH
West Virginia Black Bears batting - Pitching for Milwaukee (NYP) Brewers : LHP Paul Schumacher
Batting: RHB Pleun Smit 0-0: Ball
1-0: Called Strike
1-1: Called Strike
1-2: Strikes out swinging, 2-3 out at first.
Batting: RHB Richard Barrios 0-0: Foul Ball, location: 2F
0-1: Ground out 6-3 (Groundball, 6S, EV 81.9 MPH)
Pinch Hitting: RHB Nick Wilkins 0-0: Foul Ball, location: 2F
0-1: Ball
1-1: Ground out 6-3 (Groundball, 6, EV 83.8 MPH)
Top of the 8th over - 0 runs, 0 hits, 0 errors, 0 left on base; West Virginia 1 - Milwaukee (NYP) 3
BOTTOM OF THE 8TH
Milwaukee (NYP) Brewers batting - Pitching for West Virginia Black Bears : LHP Latrell Tisdale
Now in CF: Junki Nakamoto
Batting: SHB Adam Slade 0-0: Foul Ball, location: 2F
0-1: Foul Ball, location: 2F
0-2: Ball
1-2: Ball
2-2: Ball
3-2: Strikes out looking
Batting: SHB Robert Sayer 0-0: Ball
1-0: Ball
2-0: Fly out, F4 (Line Drive, 4, EV 66.2 MPH)
Batting: RHB Dustin Hartman 0-0: Called Strike
0-1: Ball
1-1: Foul Ball, location: 2F
1-2: Foul Ball, location: 2F
1-2: Ball
2-2: Fly out, F7 (Flyball, 7, EV 96.9 MPH)
Bottom of the 8th over - 0 runs, 0 hits, 0 errors, 0 left on base; West Virginia 1 - Milwaukee (NYP) 3
TOP OF THE 9TH
West Virginia Black Bears batting - Pitching for Milwaukee (NYP) Brewers : LHP Paul Schumacher
Batting: LHB Gregg Kellerman 0-0: Ground out 1-3 (Groundball, 34S, EV 67.5 MPH)
Batting: RHB Jose Almonte 0-0: Ball
1-0: Ball
2-0: Called Strike
2-1: Ground out 5-3 (Groundball, 56S, EV 75.0 MPH)
Batting: SHB Mike Corley 0-0: Ball
1-0: Ball
2-0: SINGLE (Flyball, 4D, EV 83.8 MPH)
Batting: RHB Aaron Kaskie 0-0: Ball
1-0: Ball
2-0: Fly out, F5 (Flyball, 5D, EV 80.0 MPH)
Top of the 9th over - 0 runs, 1 hit, 0 errors, 1 left on base; West Virginia 1 - Milwaukee (NYP) 3
Thursday, March 31st , 2022 - OOTP Baseball 22.12 Build 89